BLB
LOS ANGELES DINOS @ CALIFORNIA KODIAKS
04/10/2063
 
TOP OF THE 1ST
Los Angeles Dinos batting - Pitching for California Kodiaks : RHP B.B. Trynkov
Pitching: RHP B.B. Trynkov
Batting: RHB Raymond Trainor 0-0: Called Strike
0-1: Bunt missed!
0-2: Ball
1-2: Ground out 6-3 (Groundball, 6, EV 83.1 MPH)
Batting: RHB Rob Detling 0-0: Called Strike
0-1: Swinging Strike
0-2: Ball
1-2: Ball
2-2: Foul Ball, location: 2F
2-2: Ball
3-2: Foul Ball, location: 2F
3-2: Foul Ball, location: 2F
3-2: SINGLE (Groundball, 56D, EV 105.6 MPH)
Batting: LHB Tris Chikumbu 0-0: Called Strike
0-1: Foul Ball, location: 2F
0-2: Ball
1-2: 2-RUN HOME RUN (Line Drive, 7LD, EV 94.4 MPH), Distance : 353 ft
Batting: RHB Colton Coffin 0-0: Called Strike
0-1: Foul Ball, location: 2F
0-2: Ball
1-2: Fly out, F5 (Line Drive, 56, EV 73.1 MPH)
Batting: RHB Efren Zamora 0-0: Called Strike
0-1: Ball
1-1: Ball
2-1: Swinging Strike
2-2: Strikes out looking
Top of the 1st over - 2 runs, 2 hits, 0 errors, 0 left on base; Los Angeles 2 - California 0
BOTTOM OF THE 1ST
California Kodiaks batting - Pitching for Los Angeles Dinos : RHP Derian Romary
Pitching: RHP Derian Romary
Batting: LHB Stephen Caskey 0-0: Ball
1-0: Called Strike
1-1: Called Strike
1-2: Ball
2-2: Foul Ball, location: 2F
2-2: Ground out U3 (Groundball, 3, EV 106.2 MPH)
Batting: SHB Brady Hill 0-0: Ball
1-0: Ball
2-0: Ball
3-0: Called Strike
3-1: Foul Ball, location: 2F
3-2: Foul Ball, location: 2F
3-2: Foul Ball, location: 2F
3-2: Foul Ball, location: 2F
3-2: Base on Balls
Batting: RHB Spencer Stephens 0-0: Foul Ball, location: 2F
0-1: Ball
1-1: Swinging Strike
1-2: Strikes out swinging
Batting: RHB Rory Elia Jr. 0-0: Foul Ball, location: 2F
0-1: Foul Ball, location: 2F
0-2: Ball
1-2: Foul Ball, location: 2F
1-2: Strikes out looking and he ARGUES THE CALL AND IS TOSSED!
Bottom of the 1st over - 0 runs, 0 hits, 0 errors, 1 left on base; Los Angeles 2 - California 0
TOP OF THE 2ND
Los Angeles Dinos batting - Pitching for California Kodiaks : RHP B.B. Trynkov
Now at 3B: Kyle Leonard
Batting: LHB Tariq Alston 0-0: Swinging Strike
0-1: Ball
1-1: Foul Ball, location: 2F
1-2: Strikes out swinging
Batting: RHB Jehvon Curry 0-0: Ball
1-0: Fly out, F9 (Flyball, 9S, EV 91.2 MPH)
Batting: SHB Cole Riley 0-0: Ball
1-0: Ground out 5-3 (Groundball, 56, EV 78.8 MPH)
Top of the 2nd over - 0 runs, 0 hits, 0 errors, 0 left on base; Los Angeles 2 - California 0
BOTTOM OF THE 2ND
California Kodiaks batting - Pitching for Los Angeles Dinos : RHP Derian Romary
Batting: RHB Greg Thomas 0-0: Swinging Strike
0-1: Called Strike
0-2: Foul Ball, location: 2F
0-2: Strikes out swinging
Batting: RHB Stan Sikes 0-0: Fly out, F7 (Flyball, 7, EV 90.6 MPH)
Batting: RHB Nickolas Keyes 0-0: Fly out, F7 (Flyball, 7S, EV 91.2 MPH)
Bottom of the 2nd over - 0 runs, 0 hits, 0 errors, 0 left on base; Los Angeles 2 - California 0
TOP OF THE 3RD
Los Angeles Dinos batting - Pitching for California Kodiaks : RHP B.B. Trynkov
Batting: RHB Derick Murphy 0-0: Foul Ball, location: 2F
0-1: Foul Ball, location: 2F
0-2: Ball
1-2: Ground out 4-3 (Groundball, 4M, EV 81.2 MPH)
Batting: RHB Raymond Trainor 0-0: Called Strike
0-1: Bunt - Flyout to 2R! F2
Batting: RHB Rob Detling 0-0: Ball
1-0: Foul Ball, location: 2F
1-1: Called Strike
1-2: Strikes out looking
Top of the 3rd over - 0 runs, 0 hits, 0 errors, 0 left on base; Los Angeles 2 - California 0
BOTTOM OF THE 3RD
California Kodiaks batting - Pitching for Los Angeles Dinos : RHP Derian Romary
Batting: LHB Wesley Fernandez 0-0: Called Strike
0-1: Swinging Strike
0-2: Strikes out swinging
Batting: LHB Damien Sidamon 0-0: Ball
1-0: Foul Ball, location: 2F
1-1: Ball
2-1: Ball
3-1: DOUBLE (Groundball, 3L, EV 102.5 MPH)
Batting: LHB Stephen Caskey 0-0: Swinging Strike
0-1: Ball
1-1: Ball
2-1: Called Strike
2-2: Ground out 4-3 (Groundball, 4, EV 105.0 MPH)
Damien Sidamon to third
Batting: SHB Brady Hill 0-0: Ball
1-0: Called Strike
1-1: Foul Ball, location: 2F
1-2: Foul Ball, location: 2F
1-2: Strikes out swinging
Bottom of the 3rd over - 0 runs, 1 hit, 0 errors, 1 left on base; Los Angeles 2 - California 0
TOP OF THE 4TH
Los Angeles Dinos batting - Pitching for California Kodiaks : RHP B.B. Trynkov
Batting: LHB Tris Chikumbu 0-0: Ground out U3 (Groundball, 3, EV 91.2 MPH)
Batting: RHB Colton Coffin 0-0: Ball
1-0: Called Strike
1-1: Swinging Strike
1-2: Strikes out swinging
Batting: RHB Efren Zamora 0-0: Called Strike
0-1: SINGLE (Line Drive, 3D, EV 98.8 MPH)
Batting: LHB Tariq Alston 0-0: Fly out, F9 (Flyball, 9LM, EV 84.4 MPH)
Top of the 4th over - 0 runs, 1 hit, 0 errors, 1 left on base; Los Angeles 2 - California 0
BOTTOM OF THE 4TH
California Kodiaks batting - Pitching for Los Angeles Dinos : RHP Derian Romary
Batting: RHB Spencer Stephens 0-0: Ball
1-0: Called Strike
1-1: Ball
2-1: Ball
3-1: Foul Ball, location: 2F
3-2: Base on Balls
Batting: RHB Kyle Leonard 0-0: Called Strike
0-1: Ball
1-1: Ball
2-1: SINGLE (Groundball, 34D, EV 95.0 MPH)
Spencer Stephens to second
Runner from 2nd tries for 3rd, SAFE, no throw by RF
Batting: RHB Greg Thomas 0-0: Ground out 5-3 (Groundball, 56S, EV 80.0 MPH)
Kyle Leonard to second
Batting: RHB Stan Sikes 0-0: Ball
1-0: Ground out 6-3 (Groundball, 6, EV 101.9 MPH)
Spencer Stephens scores
Batting: RHB Nickolas Keyes 0-0: Ball
1-0: Ball
2-0: Fly out, F9 (Flyball, 89M, EV 95.0 MPH)
Bottom of the 4th over - 1 run, 1 hit, 0 errors, 1 left on base; Los Angeles 2 - California 1
TOP OF THE 5TH
Los Angeles Dinos batting - Pitching for California Kodiaks : RHP B.B. Trynkov
Batting: RHB Jehvon Curry 0-0: Called Strike
0-1: Ball
1-1: SOLO HOME RUN (Flyball, 9LD, EV 95.0 MPH), Distance : 357 ft
Batting: SHB Cole Riley 0-0: Ball
1-0: SINGLE (Groundball, 3D, EV 97.5 MPH)
Batting: RHB Derick Murphy 0-0: Called Strike
0-1: Swinging Strike
0-2: Ball
1-2: Strikes out swinging
Batting: RHB Raymond Trainor 0-0: Ball
1-0: Swinging Strike
1-1: Called Strike
1-2: Ball
2-2: Strikes out looking
Batting: RHB Rob Detling 0-0: SINGLE (Groundball, 34D, EV 93.8 MPH)
Cole Riley to second
Runner from 2nd tries for 3rd, SAFE, throw by RF made to third
Batting: LHB Tris Chikumbu 0-0: Ball
1-0: Foul Ball, location: 2F
1-1: Ball
2-1: SINGLE (Groundball, 6MD, EV 96.2 MPH)
Cole Riley scores
Rob Detling to second
Runner from 2nd tries for 3rd, SAFE, no throw by CF
Batting: RHB Colton Coffin 0-0: Ball
1-0: Called Strike
1-1: Ball
2-1: Ball
3-1: Base on Balls
Tris Chikumbu to second
Batting: RHB Efren Zamora 0-0: Ball
1-0: Swinging Strike
1-1: Ground out 5-3 (Groundball, 15, EV 93.8 MPH)
Top of the 5th over - 2 runs, 4 hits, 0 errors, 3 left on base; Los Angeles 4 - California 1
BOTTOM OF THE 5TH
California Kodiaks batting - Pitching for Los Angeles Dinos : RHP Derian Romary
Batting: LHB Wesley Fernandez 0-0: Called Strike
0-1: Foul Ball, location: 2F
0-2: Strikes out looking
Batting: LHB Damien Sidamon 0-0: Ball
1-0: Ball
2-0: Ball
3-0: Base on Balls
Batting: LHB Stephen Caskey 0-0: Called Strike
0-1: Called Strike
0-2: Ball
1-2: Fly out, F8 (Flyball, 8RM, EV 92.5 MPH)
Batting: SHB Brady Hill 0-0: Ball
1-0: Foul Ball, location: 2F
1-1: Swinging Strike
1-2: Fly out, F8 (Flyball, 8RD, EV 88.1 MPH)
Bottom of the 5th over - 0 runs, 0 hits, 0 errors, 1 left on base; Los Angeles 4 - California 1
TOP OF THE 6TH
Los Angeles Dinos batting - Pitching for California Kodiaks : RHP B.B. Trynkov
Batting: LHB Tariq Alston 0-0: Ground out 3-1 (Groundball, 34S, EV 88.8 MPH)
Batting: RHB Jehvon Curry 0-0: Called Strike
0-1: Called Strike
0-2: Strikes out looking
Batting: SHB Cole Riley 0-0: Called Strike
0-1: Ball
1-1: Called Strike
1-2: Ground out 4-3 (Groundball, 4, EV 88.1 MPH)
Top of the 6th over - 0 runs, 0 hits, 0 errors, 0 left on base; Los Angeles 4 - California 1
BOTTOM OF THE 6TH
California Kodiaks batting - Pitching for Los Angeles Dinos : RHP Derian Romary
Batting: RHB Spencer Stephens 0-0: Ball
1-0: Ball
2-0: Ball
3-0: Called Strike
3-1: Foul Ball, location: 2F
3-2: Base on Balls
Batting: RHB Kyle Leonard 0-0: Called Strike
Spencer Stephens steals 2nd base
0-1: Ball
1-1: Fly out, F9 (Line Drive, 9, EV 98.8 MPH)
Batting: RHB Greg Thomas 0-0: Called Strike
0-1: Swinging Strike
0-2: Foul Ball, location: 2F
0-2: SINGLE (Line Drive, 8LS, EV 86.9 MPH)
Spencer Stephens to third
Runner from 3rd tries for Home, SAFE, throw by CF to home
Greg Thomas to second
Pitching: RHP Evan Browning
Batting: RHB Stan Sikes 0-0: Fly out, F9 (Line Drive, 89M, EV 97.5 MPH)
Batting: RHB Nickolas Keyes 0-0: Foul Ball, location: 2F
0-1: Ball
1-1: SINGLE (Line Drive, 89M, EV 91.9 MPH)
Greg Thomas to third
Batting: LHB Wesley Fernandez 0-0: Foul Ball, location: 2F
0-1: Swinging Strike
0-2: Foul Ball, location: 2F
0-2: Foul Ball, location: 2F
0-2: Ball
1-2: Strikes out swinging
Bottom of the 6th over - 1 run, 2 hits, 0 errors, 2 left on base; Los Angeles 4 - California 2
TOP OF THE 7TH
Los Angeles Dinos batting - Pitching for California Kodiaks : RHP B.B. Trynkov
Batting: RHB Derick Murphy 0-0: Called Strike
0-1: DOUBLE (Line Drive, 7LS, EV 98.1 MPH)
Pitching: LHP Ervin Lee
Batting: RHB Raymond Trainor 0-0: Bunt missed!
0-1: Bunt missed!
0-2: SINGLE (Groundball, 25, EV 68.8 MPH) (infield hit)
Derick Murphy to third
Batting: RHB Rob Detling 0-0: Called Strike
Raymond Trainor is caught stealing 2nd base 2-4
0-1: Foul Ball, location: 2F
0-2: Foul Ball, location: 2F
0-2: Fly out, F7 (Flyball, 78S, EV 83.8 MPH)
Batting: LHB Tris Chikumbu 0-0: Foul Ball, location: 2F
0-1: Called Strike
0-2: Strikes out swinging
Top of the 7th over - 0 runs, 2 hits, 0 errors, 1 left on base; Los Angeles 4 - California 2
BOTTOM OF THE 7TH
California Kodiaks batting - Pitching for Los Angeles Dinos : RHP Evan Browning
Now in LF: Cody Turner
Batting: LHB Damien Sidamon 0-0: Ball
1-0: Ball
2-0: Called Strike
2-1: DOUBLE (Flyball, 8LXD, EV 95.6 MPH)
Batting: LHB Stephen Caskey 0-0: Ball
1-0: Fly out, F7 (Flyball, 7D, EV 96.9 MPH)
Runner from 2nd tags up, SAFE at 3rd, no throw by LF
Batting: SHB Brady Hill 0-0: Ball
1-0: SINGLE (Groundball, 4MD, EV 103.8 MPH)
Damien Sidamon scores
Batting: RHB Spencer Stephens 0-0: Ball
1-0: Grounds into double play, 6-4-3 (Groundball, 56, EV 84.4 MPH)
Bottom of the 7th over - 1 run, 2 hits, 0 errors, 0 left on base; Los Angeles 4 - California 3
TOP OF THE 8TH
Los Angeles Dinos batting - Pitching for California Kodiaks : LHP Ervin Lee
Batting: RHB Colton Coffin 0-0: Called Strike
0-1: Ball
1-1: Foul Ball, location: 2F
1-2: Ball
2-2: Strikes out swinging
Batting: RHB Efren Zamora 0-0: Foul Ball, location: 2F
0-1: Foul Ball, location: 2F
0-2: Foul Ball, location: 2F
0-2: Ball
1-2: Strikes out swinging
Batting: LHB Tariq Alston 0-0: Ball
1-0: Foul Ball, location: 2F
1-1: Ball
2-1: SINGLE (Flyball, 78S, EV 94.4 MPH)
Batting: RHB Jehvon Curry 0-0: Foul Ball, location: 2F
0-1: 2-RUN HOME RUN (Flyball, 7D, EV 98.8 MPH), Distance : 375 ft
Batting: SHB Cole Riley 0-0: Called Strike
0-1: Foul Ball, location: 2F
0-2: Ball
1-2: Ball
2-2: SINGLE (Line Drive, 9LS, EV 99.4 MPH)
Pitching: LHP Aubrey Wheelwright
Batting: RHB Derick Murphy 0-0: Ball
1-0: Called Strike
1-1: Ball
2-1: Ball
3-1: DOUBLE (Line Drive, 9LM, EV 112.5 MPH)
Cole Riley to third
Batting: RHB Raymond Trainor 0-0: Foul Ball, location: 2F
0-1: Ball
1-1: Ball
2-1: Swinging Strike
2-2: Foul Ball, location: 2F
2-2: Foul Ball, location: 2F
2-2: Ground out U3 (Groundball, 13, EV 84.4 MPH)
Top of the 8th over - 2 runs, 4 hits, 0 errors, 2 left on base; Los Angeles 6 - California 3
BOTTOM OF THE 8TH
California Kodiaks batting - Pitching for Los Angeles Dinos : RHP Evan Browning
Now at 2B: Mason Dvorak
Now in LF: Johnathan Baird
Now in RF: Cody Turner
Batting: RHB Kyle Leonard 0-0: Called Strike
0-1: Fly out, F8 (Flyball, 8LD, EV 101.2 MPH)
Batting: RHB Greg Thomas 0-0: Called Strike
0-1: Called Strike
0-2: DOUBLE (Line Drive, 7LM, EV 102.5 MPH)
Batting: RHB Stan Sikes 0-0: Called Strike
0-1: Swinging Strike
0-2: Strikes out looking
Pinch Hitting: SHB Jaylin Godsey 0-0: Called Strike
0-1: Called Strike
0-2: Ball
1-2: SINGLE (Line Drive, 4M, EV 97.5 MPH)
Greg Thomas to third
Batting: LHB Wesley Fernandez 0-0: Fly out, F6 (Line Drive, 6, EV 69.4 MPH)
Bottom of the 8th over - 0 runs, 2 hits, 0 errors, 2 left on base; Los Angeles 6 - California 3
TOP OF THE 9TH
Los Angeles Dinos batting - Pitching for California Kodiaks : LHP Aubrey Wheelwright
Pitching: LHP Neal Forsberg
Now at SS: Caron Wilson
Batting: RHB Rob Detling 0-0: Ball
1-0: Swinging Strike
1-1: Ground out 5-3 (Groundball, 56, EV 86.2 MPH)
Batting: RHB Cody Turner 0-0: Foul Ball, location: 2F
0-1: Swinging Strike
0-2: Foul Ball, location: 2F
0-2: Strikes out swinging, 2-3 out at first.
Pitching: LHP Dalton Robbins
Batting: RHB Colton Coffin 0-0: Ball
1-0: Ball
2-0: SINGLE (Flyball, 8LS, EV 85.6 MPH)
Batting: LHB Johnathan Baird 0-0: Ball
1-0: Foul Ball, location: 2F
1-1: Called Strike
1-2: Ball
2-2: Foul Ball, location: 2F
2-2: Ground out 4-3 (Groundball, 4, EV 101.9 MPH)
Top of the 9th over - 0 runs, 1 hit, 0 errors, 1 left on base; Los Angeles 6 - California 3
BOTTOM OF THE 9TH
California Kodiaks batting - Pitching for Los Angeles Dinos : RHP Evan Browning
Pitching: RHP Jace Yager
Batting: LHB Damien Sidamon 0-0: Ball
1-0: Ball
2-0: Called Strike
2-1: Called Strike
2-2: Strikes out looking
Batting: LHB Stephen Caskey 0-0: Called Strike
0-1: Swinging Strike
0-2: DOUBLE (Line Drive, 89D, EV 105.6 MPH)
Batting: SHB Brady Hill 0-0: Called Strike
0-1: Ball
1-1: Ground out U3 (Groundball, 3, EV 82.5 MPH)
Stephen Caskey to third
Batting: RHB Spencer Stephens 0-0: Ball
1-0: Swinging Strike
1-1: Called Strike
1-2: Ball
2-2: Foul Ball, location: 2F
2-2: Fly out, F4 (Popup, 34S, EV 73.8 MPH)
Bottom of the 9th over - 0 runs, 1 hit, 0 errors, 1 left on base; Los Angeles 6 - California 3
Tuesday, October 29th , 2024 - OOTP Baseball 23.10 Build 110